AoeStats
← 牛欢喜

Nomad

508807054Analyzed
4v4 RM · 8d ago on Sep 24, 2026· 15m 53s· 8 players
Game mode
Random Map
Map size
231×231
Population
200
Speed
Normal
Resources
Standard
Victory
Conquest
Starting age
Dark Age
Ending age
Imperial Age
RankedLock teamsTeams togetherTeam positionsShared explorationLock speedFull tech treeHidden civsTurbo modeCheats
Victory
Defeat
🇦🇺 Slavs · Australia
1599
+15
🇹🇼 Koreans · Taiwan
1561
+17
🇺🇸 Dravidians · United States
1508
+19
🇺🇸 Danes · United States
1506
+19
🇨🇳 Varangians · China
1624
-19
🇺🇸 Lithuanians · United States
1620
-19
1553
-17
🇲🇽 Khmer · Mexico
1524
-15
Lastmantillidie
5:42 Loom
12:50 Feudal Age
14:07 Double-Bit Axe
TheFaceless23
3:54 Loom
15:07 Feudal Age
灯窝森曾瑞卜药方松滴
7:20 Loom
12:38 Feudal Age
17:51 Castle Age
15:58 Double-Bit Axe
牛欢喜
4:58 Loom
15:25 Feudal Age
Thundernips, The Ultimate Gigolo
6:38 Loom
12:01 Feudal Age
16:10 Wheelbarrow
The Daunting Knight
2:59 Loom
15:56 Feudal Age
杜孤
5:08 Loom
12:31 Feudal Age
17:26 Castle Age
15:42 Fletching
15:58 Double-Bit Axe
RogerRamjet
5:00 Loom
12:57 Feudal Age
13:52 Double-Bit Axe
Connection lost

Rejoining the realm…

Still unreachable

The connection could not be restored.

Session expired

The server has moved on; the page needs a fresh start.